Map: Acropolis LE

Players

Trap

  • Race: Protoss Protoss
  • Spawn Location: 5:00

Reynor - Winner!

  • Race: Zerg Zerg
  • Spawn Location: 11:00

Event: 2019 WCS Global FInals

VOD

Have the link to the VOD?

Description

Time

  • Played on: Nov. 1, 2019, 5 p.m.
  • Length: 20:23

All games in this series

Show
View Real Time Build Order
Export as new Build Order

Trap Protoss 

Build Orders: 1 Gate Expand, Oracle Opening, Phoenix Opening, Archon Immortal 

Get SALT Encoding   

  12  0:00  Probe  
  13  0:12  Probe  
  14  0:18  Pylon  
  14  0:24  Probe  
  15  0:36  Probe (Chrono Boost)  
  16  0:45  Gateway  
  16  0:46  Probe (Chrono Boost)  
  16  0:48  Assimilator  
  17  0:51  Probe (Chrono Boost)  
  18  1:02  Probe  
  19  1:15  Probe  
  20  1:23  Nexus  
  20  1:33  Cybernetics Core  
  20  1:36  Probe  
  21  1:43  Assimilator  
  21  1:48  Probe  
  21  1:52  Pylon  
  22  2:00  Probe (Chrono Boost)  
  23  2:10  Adept  
  23  2:12  Probe (Chrono Boost)  
  23  2:15  Stargate  
  26  2:20  Probe (Chrono Boost)  
  27  2:24  Warp Gate  
  27  2:28  Probe (Chrono Boost)  
  28  2:35  Probe (Chrono Boost)  
  29  2:39  Adept  
  29  2:43  Probe (Chrono Boost)  
  29  2:44  Probe (Chrono Boost)  
  33  2:49  Probe  
  33  2:50  Probe  
  35  2:58  Phoenix (Chrono Boost)  
  35  3:01  Probe  
  35  3:02  Probe  
  35  3:05  Pylon  
  39  3:13  Probe  
  39  3:14  Oracle (Chrono Boost)  
  39  3:15  Probe  
  44  3:23  Gateway  
  44  3:25  Probe  
  44  3:27  Probe  
  46  3:33  Assimilator  
  46  3:35  Assimilator  
  46  3:37  Probe  
  46  3:39  Probe  
  48  3:42  Oracle (Chrono Boost)  
  47  3:50  Probe  
  47  3:51  Probe  
  47  3:54  Shield Battery  
  49  4:00  Robotics Facility  
  50  4:02  Probe  
  50  4:03  Probe  
  50  4:04  Pylon  
  50  4:06  Pylon  
  51  4:12  Adept  
  51  4:15  Probe  
  54  4:22  Probe  
  54  4:23  Adept  
  57  4:29  Probe  
  58  4:34  Probe  
  59  4:50  Immortal (Chrono Boost)  
  58  4:58  Probe  
  58  4:59  Probe, Nexus  
  64  5:01  Pylon  
  64  5:04  Sentry x2  
  65  5:11  Probe x2  
  67  5:16  Forge  
  67  5:17  Twilight Council  
  67  5:23  Observer, Gateway  
  67  5:25  Gateway  
  67  5:26  Probe (Chrono Boost)  
  70  5:31  Probe (Chrono Boost), Sentry x2  
  70  5:35  Gateway  
  75  5:37  Gateway, Probe (Chrono Boost)  
  75  5:41  Probe (Chrono Boost)  
  76  5:42  Probe (Chrono Boost)  
  76  5:47  Protoss Ground Weapons Level 1 (Chrono Boost)  
  77  5:50  Probe  
  77  5:52  Pylon  
  77  5:53  Charge  
  78  6:09  Immortal (Chrono Boost)  
  78  6:10  Probe x2  
  78  6:11  Templar Archives  
  84  6:15  Probe  
  85  6:22  Assimilator, Probe x2  
  85  6:23  Assimilator  
  87  6:27  Probe  
  87  6:31  Gateway  
  88  6:34  Gateway  
  88  6:35  Probe x2  
  88  6:38  Pylon, Zealot  
  88  6:39  Warp Prism (Chrono Boost), Probe  
  93  6:43  Photon Cannon  
  93  6:47  Psionic Storm, Probe x2  
  94  6:51  Probe, High Templar x3  
  101  6:55  Archon  
  101  6:56  Zealot x2  
  101  6:58  Zealot  
  101  6:59  Pylon, Probe x2  
  109  7:12  Nexus  
  109  7:15  Pylon  
  109  7:16  Pylon  
  109  7:17  Probe  
  109  7:20  High Templar x2  
  114  7:25  Pylon  
  114  7:29  Pylon  
  114  7:31  Observer  
  114  7:33  Stalker, Pylon  
  114  7:34  Phoenix (Chrono Boost)  
  114  7:36  Zealot x3  
  124  7:42  Photon Cannon  
  124  7:45  Photon Cannon  
  124  7:46  Pylon  
  122  7:52  Photon Cannon  
  122  7:53  Protoss Ground Weapons Level 2 (Chrono Boost)  
  122  7:57  Phoenix (Chrono Boost)  
  124  7:59  Photon Cannon  
  124  8:05  Archon, High Templar x2  
  126  8:10  Stalker, Photon Cannon  
  130  8:13  Phoenix (Chrono Boost), Archon  
  132  8:26  Probe x3  
  132  8:27  Probe  
  135  8:28  Immortal (Chrono Boost), High Templar  
  135  8:29  Zealot x4  
  147  8:35  Phoenix (Chrono Boost)  
  145  8:44  Stalker x2  
  145  8:45  Stalker  
  134  8:56  Phoenix (Chrono Boost)  
  112  9:05  Immortal (Chrono Boost)  
  112  9:06  Zealot x5  
  121  9:13  Zealot x3  
  121  9:14  Phoenix  
  119  9:19  Probe x4  
  119  9:20  Pylon  
  122  9:28  Photon Cannon  
  122  9:30  High Templar x2  
  122  9:31  High Templar  
  128  9:36  Assimilator  
  128  9:40  Assimilator  
  128  9:44  Photon Cannon  
  128  9:45  Photon Cannon  
  128  9:46  Shield Battery  
  128  9:48  Shield Battery  
  128  9:49  Photon Cannon, Fleet Beacon  
  129  9:55  Zealot x3  
  129  9:57  Zealot  
  137  10:05  Observer, High Templar x2  
  137  10:06  Zealot x2  
  143  10:10  Archon  
  139  10:15  Photon Cannon  
  139  10:23  Photon Cannon  
  139  10:24  Protoss Ground Armor Level 1 (Chrono Boost), Shield Battery  
  139  10:25  Shield Battery  
  139  10:29  Stargate  
  134  10:35  Probe x3  
  134  10:36  Probe  
  134  10:39  Zealot x5  
  134  10:42  Zealot  
  132  10:45  Mothership (Chrono Boost)  
  132  10:49  Pylon  
  131  10:55  Zealot  
  141  10:58  Observer (Chrono Boost)  
  141  11:03  Probe x3 (Chrono Boost)  
  135  11:08  Photon Cannon  
  135  11:11  High Templar x2  
  135  11:16  Probe (Chrono Boost)  
  140  11:23  Tempest (Chrono Boost)  
  140  11:24  Tempest (Chrono Boost)  
  140  11:25  Zealot x3  
  146  11:32  Photon Cannon  
  150  11:34  Zealot x2  
  150  11:36  Zealot  
  156  11:46  Zealot x4  
  158  11:47  Zealot  
  160  11:56  Tempest (Chrono Boost)  
  160  11:57  Tempest (Chrono Boost)  
  170  12:06  High Templar  
  170  12:07  Zealot x4, High Templar  
  170  12:18  High Templar x2  
  170  12:20  Gateway x2  
  174  12:25  Archon, Protoss Air Weapons Level 1  
  174  12:27  Observer  
  174  12:28  Zealot  
  176  12:35  Dark Shrine  
  181  12:37  Tempest (Chrono Boost)  
  181  12:38  Archon  
  181  12:41  Zealot x5  
  179  12:57  Oracle (Chrono Boost)  
  172  13:06  Pylon  
  172  13:09  Pylon  
  172  13:10  Pylon  
  172  13:11  Pylon, Zealot x4  
  158  13:20  Probe x4  
  154  13:30  High Templar  
  154  13:31  High Templar x4  
  154  13:32  Probe x3 (Chrono Boost), High Templar  
  154  13:33  Probe (Chrono Boost)  
  170  13:35  Archon x2  
  170  13:36  Archon  
  172  13:42  Probe x2 (Chrono Boost)  
  172  13:43  Probe x2 (Chrono Boost)  
  172  13:46  Zealot x4  
  172  13:47  Probe x2 (Chrono Boost)  
  182  13:55  Pylon  
  171  14:16  Observer  
  130  14:17  Zealot x3  
  130  14:18  Zealot x7  
  130  14:20  Warp Prism (Chrono Boost)  
  130  14:22  Archon  
  135  14:26  Blink  
  135  14:43  High Templar x6  
  135  14:44  Zealot, High Templar x2  
  149  14:48  Archon x3  
  149  14:49  Archon  
  146  14:57  Warp Prism (Chrono Boost)  
  146  14:59  Mothership (Chrono Boost)  
  134  15:00  Nexus  
  120  15:23  Zealot x8  
  120  15:24  Zealot  
  138  15:28  Pylon  
  138  15:44  Robotics Bay  
  138  15:47  High Templar x4  
  146  15:51  Archon  
  146  15:52  Archon  
  146  15:54  Tempest x2 (Chrono Boost)  
  149  16:02  High Templar  
  149  16:04  Photon Cannon  
  154  16:07  Zealot x2  
  158  16:18  Dark Templar  
  158  16:20  Dark Templar  
  162  16:26  Tempest (Chrono Boost)  
  162  16:29  Photon Cannon  
  162  16:31  Assimilator  
  167  16:35  Tempest (Chrono Boost)  
  167  16:36  Assimilator  
  172  16:44  Zealot x4  
  168  16:59  Tempest (Chrono Boost)  
  169  17:01  Zealot x3  
  169  17:02  Zealot x6  
  169  17:05  High Templar x2  
  169  17:06  Zealot x8  
  179  17:18  Photon Cannon  
  179  17:20  Photon Cannon  
  179  17:24  Observer (Chrono Boost)  
  180  17:40  High Templar x4  
  188  17:44  Archon  
  188  17:45  Archon  
  188  17:50  Zealot x6  
  184  18:11  Stalker x6  
  184  18:12  Stalker x2  
  132  18:44  Stalker x3  
  132  18:45  Stalker x3, Zealot x4  
  123  19:06  Zealot  
  123  19:07  Zealot x5  
  112  19:22  Zealot x2  
  112  19:23  Zealot x2  
  59  19:39  High Templar x4  
  59  19:43  Archon x2  
  59  19:44  Zealot x2  
  71  19:48  Zealot  
  71  19:50  Zealot  
  75  19:56  High Templar x2  
  74  20:01  Archon  
  74  20:07  Zealot  
  74  20:08  Zealot  
Show
View Real Time Build Order
Export as new Build Order

Reynor Zerg - Winner!

Build Orders: Hatch First, Brood Lord Corruptor, Muta Ling Bane 

Get SALT Encoding   

  12  0:00  Drone  
  13  0:12  Overlord  
  13  0:16  Drone  
  14  0:31  Drone x2  
  16  0:47  Hatchery  
  15  0:51  Drone  
  15  0:55  Drone  
  17  0:57  Drone  
  18  1:09  Extractor  
  17  1:13  Spawning Pool  
  17  1:16  Drone  
  17  1:19  Drone  
  18  1:28  Drone  
  19  1:38  Drone  
  20  1:50  Overlord  
  20  2:00  Zergling x4, Queen x2  
  26  2:10  Drone x2  
  28  2:19  Metabolic Boost  
  28  2:21  Drone x2  
  30  2:35  Hatchery  
  30  2:36  Drone  
  30  2:38  Drone  
  30  2:43  Drone  
  32  2:46  Overlord  
  32  2:53  Drone x2  
  32  2:57  Queen  
  36  3:04  Drone x2  
  38  3:07  Drone  
  38  3:11  Zergling x4  
  41  3:15  Zergling x2  
  41  3:16  Overlord  
  42  3:22  Queen  
  42  3:25  Overlord  
  44  3:35  Drone  
  44  3:42  Overlord  
  44  3:44  Spore Crawler  
  44  3:45  Drone x4  
  44  3:46  Queen  
  49  3:49  Spore Crawler, Drone  
  49  3:51  Drone  
  50  3:57  Drone x3  
  50  3:58  Drone  
  50  4:02  Drone x2  
  56  4:06  Drone  
  56  4:07  Spore Crawler  
  56  4:08  Drone  
  57  4:12  Drone x2  
  57  4:13  Drone  
  60  4:17  Drone  
  60  4:19  Drone x2  
  60  4:22  Overlord  
  62  4:26  Drone x2  
  62  4:29  Queen  
  66  4:34  Overlord  
  65  4:39  Drone  
  65  4:40  Overlord  
  65  4:42  Drone x5  
  65  4:45  Spore Crawler  
  69  4:51  Drone x2  
  67  4:53  Overlord  
  67  4:55  Drone x2  
  67  4:57  Drone  
  70  5:02  Drone x2  
  70  5:05  Lair  
  73  5:07  Spine Crawler  
  73  5:08  Evolution Chamber, Extractor  
  73  5:10  Drone x5  
  73  5:13  Spore Crawler  
  74  5:14  Zergling x2  
  74  5:15  Extractor, Zergling x2  
  74  5:16  Drone x2  
  77  5:24  Pneumatized Carapace  
  77  5:28  Drone x4  
  81  5:31  Roach Warren  
  81  5:35  Zergling x2  
  81  5:36  Hatchery  
  81  5:37  Extractor  
  81  5:39  Drone x3, Extractor x2  
  80  5:44  Zergling x10  
  80  5:48  Drone  
  86  5:54  Drone, Zerg Melee Weapons Level 1  
  86  5:55  Drone  
  88  5:59  Overlord  
  89  6:11  Roach x5, Zergling x2  
  89  6:13  Overlord x2  
  97  6:19  Spire  
  97  6:20  Zergling x2  
  97  6:21  Zergling x4  
  99  6:26  Zergling x6  
  99  6:29  Drone  
  99  6:30  Drone x2  
  105  6:33  Baneling Nest  
  105  6:34  Drone x2  
  105  6:36  Drone x5  
  105  6:37  Overlord  
  112  6:40  Drone  
  112  6:47  Queen  
  112  6:52  Drone x4  
  118  6:56  Overseer  
  118  6:59  Overlord  
  118  7:04  Extractor  
  118  7:05  Drone x4  
  118  7:06  Overlord, Extractor  
  120  7:17  Overlord  
  120  7:23  Centrifical Hooks  
  120  7:31  Overlord, Mutalisk x7  
  120  7:32  Mutalisk x2  
  120  7:35  Zergling x16  
  120  7:36  Glial Reconstitution  
  144  7:39  Drone  
  144  7:40  Drone x4  
  149  7:45  Infestation Pit  
  149  7:48  Roach x2  
  149  7:50  Overseer  
  152  7:52  Roach x2  
  152  7:55  Zerg Melee Weapons Level 2  
  152  7:56  Roach x2, Zergling x4  
  162  7:58  Hatchery  
  162  7:59  Overlord  
  162  8:00  Zergling x2  
  162  8:01  Zergling x10  
  162  8:04  Overlord, Zerg Flyer Weapons Level 1  
  167  8:11  Overlord  
  167  8:12  Baneling x10  
  167  8:15  Zergling x2  
  167  8:17  Overlord  
  168  8:23  Zergling x16, Roach  
  168  8:26  Baneling x10  
  168  8:27  Baneling x2  
  178  8:34  Hive  
  178  8:38  Zergling x4  
  178  8:39  Zergling x16  
  186  8:44  Zergling x4  
  182  8:50  Zergling x10  
  182  8:51  Roach, Zergling x2  
  182  8:52  Zergling x2  
  182  8:54  Zergling x2  
  173  8:58  Zergling x2  
  173  9:01  Drone x5  
  170  9:03  Zergling x4  
  170  9:05  Zergling x2  
  170  9:09  Zergling x4  
  162  9:13  Zergling x4  
  162  9:16  Zergling x6  
  151  9:20  Roach x3  
  151  9:21  Roach x2  
  156  9:30  Drone x2, Queen  
  160  9:36  Ravager x4  
  160  9:37  Baneling x3  
  160  9:38  Baneling x11  
  160  9:39  Zergling x2  
  160  9:40  Zergling x16  
  160  9:43  Roach x2, Zergling x8  
  177  9:45  Baneling  
  177  9:46  Baneling x10  
  177  9:52  Overlord  
  175  10:01  Zergling x10  
  175  10:02  Baneling x5, Zergling x8  
  182  10:09  Drone x2  
  182  10:10  Adrenal Glands  
  182  10:11  Zergling x14  
  190  10:20  Corruptor  
  190  10:21  Corruptor x3  
  192  10:26  Spine Crawler x2  
  192  10:28  Spine Crawler  
  195  10:29  Zergling x2, Spine Crawler  
  195  10:30  Zergling x8  
  176  10:43  Zergling x24  
  176  10:47  Baneling  
  176  10:49  Corruptor  
  182  10:50  Corruptor  
  182  10:56  Drone x5  
  187  11:11  Extractor  
  186  11:13  Greater Spire, Extractor  
  186  11:14  Zergling x2  
  186  11:15  Zergling x16  
  194  11:25  Zerg Melee Weapons Level 3  
  191  11:26  Hatchery  
  191  11:27  Baneling x5  
  191  11:29  Baneling x5  
  191  11:30  Baneling x3  
  191  11:31  Zergling x2  
  191  11:32  Zergling x26  
  200  11:41  Pathogen Glands  
  198  11:54  Spore Crawler x2  
  196  11:55  Spore Crawler  
  196  11:56  Spore Crawler  
  185  12:10  Spire  
  184  12:16  Spore Crawler, Baneling x6  
  183  12:25  Brood Lord x6  
  188  12:40  Corruptor x4  
  188  12:43  Baneling x11  
  190  12:52  Zergling x20  
  190  12:56  Baneling x8  
  190  13:12  Infestor  
  190  13:13  Infestor x4  
  190  13:17  Corruptor x6  
  190  13:18  Corruptor  
  197  13:21  Overseer x2  
  186  13:28  Zergling x34  
  186  13:29  Corruptor  
  186  13:30  Corruptor x2  
  200  13:42  Extractor  
  200  13:46  Spore Crawler  
  200  13:47  Extractor  
  197  13:53  Baneling x8  
  196  14:08  Corruptor x9  
  188  14:10  Zergling x2  
  188  14:11  Zergling x30  
  173  14:19  Viper  
  173  14:20  Roach  
  173  14:21  Roach x2  
  166  14:25  Roach x2, Zergling x2  
  166  14:30  Roach x2  
  171  14:34  Brood Lord x2  
  171  14:35  Roach x2, Zergling x6  
  171  14:36  Zergling x2, Queen  
  184  14:42  Roach x2  
  184  14:44  Roach x2  
  176  14:47  Roach x2  
  176  14:49  Brood Lord  
  176  14:52  Roach x2  
  175  14:54  Roach  
  175  14:55  Brood Lord  
  160  15:00  Zergling x14  
  160  15:01  Zergling x6  
  162  15:10  Brood Lord x2  
  164  15:17  Infestor  
  164  15:20  Drone x9  
  175  15:31  Brood Lord x2  
  178  15:37  Zergling x16  
  184  15:47  Brood Lord x2  
  188  15:56  Zerg Flyer Weapons Level 2  
  188  16:01  Infestor  
  190  16:14  Spore Crawler x2  
  190  16:15  Spore Crawler, Overlord  
  190  16:16  Spore Crawler  
  186  16:23  Drone x2, Baneling Nest  
  186  16:24  Drone x3  
  190  16:28  Overlord  
  190  16:35  Infestor x4  
  190  16:36  Neural Parasite  
  190  16:39  Zerg Ground Armor Level 1  
  197  16:49  Overseer  
  190  16:55  Drone x4  
  193  17:02  Drone x3  
  193  17:03  Zergling x6  
  199  17:09  Spawning Pool  
  199  17:10  Drone  
  198  17:45  Hatchery  
  197  17:58  Zergling x18  
  199  18:10  Zergling x8  
  191  18:20  Zergling x16  
  155  18:36  Roach x10, Zergling x16  
  155  18:39  Queen x2  
  158  18:41  Queen  
  158  18:42  Roach x2, Zergling x4  
  147  18:49  Zergling x2  
  147  18:50  Zergling x6  
  147  18:51  Queen  
  147  18:54  Zergling x2  
  144  18:57  Roach  
  144  19:02  Zergling x8  
  140  19:03  Roach  
  140  19:04  Roach  
  140  19:09  Roach x5  
  145  19:14  Ravager x4  
  145  19:15  Ravager, Infestor  
  134  19:17  Infestor  
  134  19:19  Infestor x3  
  136  19:26  Infestor  
  136  19:29  Drone x2  
  136  19:30  Drone  
  127  19:35  Infestor x3  
  127  19:37  Zergling x2  
  130  19:42  Infestor x2  
  130  19:43  Infestor x3  
  140  19:49  Zergling x4  
  140  19:51  Hatchery  
  140  19:52  Spore Crawler, Zergling x4  
  148  20:13  Ravager x4  
Tags
 
Add a new tag
Caveats
  • Supply blocks, unpowered buildings, or Contaminate may cause inaccurate times.
  • Supply counts are checked every 10 seconds.